 Dungeon Crawl Stone Soup version 0.21-a0-442-g848f44b (webtiles) character file.

15804 KristoblXynda the Carver (level 12, -2/141 HPs)
             Began as a Grey Draconian Berserker on Nov 12, 2017.
             Was a High Priest of Trog.
             Slain by a komodo dragon (15 damage)
             ... on level 2 of the Lair of Beasts.
             The game lasted 00:26:10 (9129 turns).

KristoblXynda the Carver (Grey Draconian Berserker) Turns: 9129, Time: 00:26:10

Health: -2/141     AC: 23    Str: 26      XL:     12   Next: 4%
Magic:  15/15      EV: 16    Int: 10      God:    Trog [*****.]
Gold:   579        SH: 14    Dex: 11 (12) Spells: 11/11 levels left

rFire    + + .     SeeInvis .   f - +1 long sword (flame)
rCold    . . .     Gourm    .   F - +0 shield
rNeg     . . .     Faith    .   (armour unavailable)
rPois    .         Spirit   .   o - +1 hat
rElec    .         Reflect  +   r - +1 cloak
rCorr    .         Harm     .   p - +1 pair of gloves
MR       .....                  (no boots)
Stlth    ..........             A - +2 amulet of reflection
HPRegen  0.33/turn              H - +5 ring of protection
MPRegen  0.14/turn              J - ring of protection from fire

@: berserking, lethally poisoned (-2 -> -3), very quick
A: walk through water, unfitting armour, hooves 1, stinger 1, deterioration 1,
fire resistance 1, unbreathing, cold-blooded, AC +13
a: Berserk, Trog's Hand, Brothers in Arms, Burn Spellbooks, Renounce Religion


You were on level 2 of the Lair of Beasts.
You worshipped Trog.
Trog was extremely pleased with you.
You were very hungry.

You visited 3 branches of the dungeon, and saw 12 of its levels.

You collected 579 gold pieces.

Inventory:

Hand Weapons
 f - a +1 long sword of flaming (weapon)
Missiles
 c - 3 poisoned javelins (quivered)
 l - 7 steel javelins
 x - 3 javelins
 E - 4 throwing nets
Armour
 o - a +1 hat (worn)
 p - a +1 pair of gloves (worn)
 r - a +1 cloak (worn)
 F - a +0 shield (worn)
Jewellery
 A - a +2 amulet of reflection (around neck)
 H - a +5 ring of protection (left hand)
 J - a ring of protection from fire (right hand)
Wands
 a - a wand of lightning (2/15)
 h - a wand of disintegration (13/24)
 v - a wand of iceblast (5/15)
 y - a wand of acid (12/15)
Scrolls
 d - 2 scrolls of recharging
 i - 4 scrolls of teleportation
 I - 3 scrolls of remove curse
Potions
 k - a potion of magic
 s - 2 potions of curing
 u - a potion of might
 w - 4 potions of lignification
 z - a potion of berserk rage
 B - a potion of ambrosia
 D - a potion of brilliance
 M - a potion of flight
Miscellaneous
 L - a box of beasts
Comestibles
 b - 6 bread rations
 n - 5 royal jellies
 K - a fruit


   Skills:
 - Level 5.6 Fighting
 - Level 12.1 Long Blades
 - Level 5.4 Throwing
 + Level 10.2 Dodging
 * Level 9.5 Shields
 + Level 4.6 Evocations


You had 11 spell levels left.
You didn't know any spells.

Dungeon Overview and Level Annotations

Branches:
Dungeon (9/15)             Temple (1/1) D:6            Lair (2/6) D:9
  Snake (0/4) Lair:2
  Swamp: Lair:2-4    Shoals: Lair:2-4       Orc: D:9-12

Altars:
Ashenzari
Cheibriados
Dithmenos
Elyvilon
Fedhas
Gozag
Hepliaklqana
Kikubaaqudgha
Makhleb
Nemelex Xobeh
Okawaru
Qazlal
Ru
Sif Muna
Trog
Uskayaw
Vehumet
Wu Jian
Xom
Yredelemnul
Zin
The Shining One


Innate Abilities, Weirdness & Mutations

You can walk through water.
Your dull iron-grey scales are very hard. (AC +13)
You cannot fit into any form of body armour.
You can survive without breathing.
You are cold-blooded and may be slowed by cold attacks.
You have large cloven feet.
Your tail ends in a poisonous barb.
Your body sometimes deteriorates upon taking damage.
Your flesh is heat resistant. (rF+)


Message History

Okay, then.
A red film seems to cover your vision as you go berserk!
You feel yourself moving faster!
You feel mighty!
You are feeling very hungry.
You feel sick.
The crocodile bites you but does no damage.
You slice the crocodile!! You burn the crocodile.
Your kick misses the crocodile.
Your tail-slap misses the crocodile.
The crocodile is almost dead.
You block the crocodile's attack.
You hit the crocodile. You burn the crocodile.
You kill the crocodile!
Trog accepts your kill. You block the komodo dragon's attack.
You slash the komodo dragon! You burn the komodo dragon.
You kick the komodo dragon.
You tail-slap the komodo dragon, but do no damage.
The komodo dragon is heavily wounded.
The komodo dragon bites you!
You die...

,,,*≈≈≈≈≈≈≈≈,,,,* *,*,,,≈*****≈≈
,,**≈≈≈≈≈≈≈≈,,***##*#..,,≈** **≈≈
,,**≈≈≈≈≈≈≈*,*###.##..,.,≈≈* *≈≈≈
,,,≈≈≈≈≈≈≈≈#,*#......,..,≈*****≈≈
,,*≈≈≈≈≈≈≈≈≈.*∩.....,...,≈*≈***≈≈
,,**≈≈≈≈≈≈≈#.**....#...#,≈≈≈≈≈≈≈≈
,,*****#####.#*#........,,,,,,,,,
,,***,*##P##..##.......#,,,,,,,,,
,,,,,,,.........@...[..#,,,,,,,,,
,,,,,,,........†#l#...##,,,,,,,,,
,,,,,,,........†..#...#*,,,,,,,,,
*,,,,,,,.##.!..#..#...P,*,,*,,,,,
,,,,,,,,,*#............,,,**,,,,,
*,>,,,,,.##...#.P.#....,,,,,,,,,,
*,,,,.,,........#.##...,,,,,,,,,*
*,,,,....##...P.P.#*#..,,,**,,,,*
*,,,,....#....#.l.# *#.,,***,,,,*


You could see a komodo dragon.

Vanquished Creatures
  3 hydras (Lair:1)
  Harold (Lair:1)
  2 two-headed ogres (D:8)
  A black mamba (Lair:1)
  7 spiny frogs
  A komodo dragon (Lair:1)
  Grinder (D:3)
  5 blink frogs (Lair:1)
  11 yaks
  A wyvern (D:7)
  3 water moccasins
  2 porcupines (Lair:1)
  2 sky beasts (D:8)
  2 phantoms (D:8)
  4 orc warriors
  4 ice beasts
  6 ogres
  A centaur (D:6)
  5 crocodiles
  A big kobold (D:9)
  6 bullfrogs
  A water moccasin zombie (D:7)
  2 scorpions
  3 wights (D:6)
  An electric eel (Lair:1)
  3 howler monkeys (D:8)
  2 crimson imps
  A centaur zombie (D:5)
  A quasit (D:8)
  11 orc priests
  13 orc wizards
  Crazy Yiuf (D:5)
  3 hounds
  A gnoll shaman (D:7)
  2 jellies (D:9)
  Natasha (D:3)
  4 iguanas
  5 worker ants
  A hound skeleton (D:7)
  Robin (D:3)
  12 gnolls
  10 adders
  3 shadow imps
  An adder zombie (D:6)
  An adder skeleton (D:9)
  3 worms
  5 dart slugs
  6 leopard geckos
  37 orcs
  4 giant cockroaches
  14 goblins
  8 hobgoblins
  22 jackals
  15 kobolds
  A quokka (D:2)
  A ball python (D:3)
  7 bats
  2 frilled lizards
  A leopard gecko skeleton (D:5)
  2 quokka skeletons
  12 rats
293 creatures vanquished.

Vanquished Creatures (others)
  A centaur (D:6)
  An orc (D:9)
  4 fungi (Lair:1)
6 creatures vanquished.

Grand Total: 299 creatures vanquished

Notes
Turn   | Place    | Note
-------+----------+-------------------------------------------
     0 | D:1      | KristoblXynda the Draconian Berserker began the quest for the Orb.
     0 | D:1      | Reached XP level 1. HP: 19/19 MP: 1/1
    65 | D:1      | Reached XP level 2. HP: 24/26 MP: 2/2
   251 | D:1      | Reached ** piety under Trog
   265 | D:1      | Reached XP level 3. HP: 31/31 MP: 3/3
   347 | D:1      | Reached skill level 4 in Long Blades
  1323 | D:3      | Reached XP level 4. HP: 34/38 MP: 4/4
  1534 | D:3      | Reached *** piety under Trog
  1621 | D:3      | Noticed Grinder
  1640 | D:3      | Killed Grinder
  1640 | D:3      | Reached skill level 5 in Long Blades
  1640 | D:3      | Reached XP level 5. HP: 39/45 MP: 5/5
  1640 | D:3      | Reached XP level 6. HP: 44/51 MP: 6/6
  1641 | D:3      | Noticed Robin
  1649 | D:2      | Reached skill level 6 in Long Blades
  1783 | D:3      | Noticed Natasha
  1794 | D:3      | Killed Natasha
  1930 | D:3      | Killed Robin
  2123 | D:4      | Your scales start taking on a dull iron-grey colour.
  2123 | D:4      | Reached XP level 7. HP: 57/57 MP: 7/7
  2123 | D:4      | Gained mutation: You can survive without breathing. [Grey Draconian growth]
  2202 | D:4      | Reached skill level 7 in Long Blades
  2352 | D:4      | Reached skill level 5 in Dodging
  2656 | D:4      | Reached **** piety under Trog
  3018 | D:5      | Entered Level 5 of the Dungeon
  3035 | D:5      | Found a runed door.
  3039 | D:5      | Noticed Crazy Yiuf
  3047 | D:5      | Killed Crazy Yiuf
  3047 | D:5      | Reached skill level 8 in Long Blades
  3119 | D:5      | Found a radiant altar of Vehumet.
  3168 | D:5      | Reached XP level 8. HP: 43/63 MP: 8/8
  3417 | D:5      | Reached skill level 11 in Long Blades
  3417 | D:5      | Reached skill level 5 in Throwing
  3417 | D:5      | Reached XP level 9. HP: 55/70 MP: 9/9
  3856 | D:6      | Reached skill level 1 in Shields
  3863 | D:6      | Reached skill level 12 in Long Blades
  3922 | D:6      | Found a staircase to the Ecumenical Temple.
  3936 | Temple   | Entered the Ecumenical Temple
  4170 | D:6      | Received a gift from Trog
  4421 | D:6      | Reached ***** piety under Trog
  4648 | D:6      | Found a blossoming altar of Fedhas.
  4669 | D:6      | Received a gift from Trog
  5340 | D:7      | Reached XP level 10. HP: 78/78 MP: 10/10
  5574 | D:7      | Found a shimmering altar of Xom.
  6168 | D:8      | Gained mutation: Your flesh is heat resistant. (rF+) [mutagenic meat]
  6169 | D:8      | Gained mutation: Your body sometimes deteriorates upon taking damage. [mutagenic meat]
  6170 | D:8      | Gained mutation: Your tail ends in a poisonous barb. [mutagenic meat]
  6171 | D:8      | Gained mutation: You have large cloven feet. [mutagenic meat]
  6312 | D:8      | Found an opulent altar of Gozag.
  6312 | D:8      | Found a deep blue altar of Sif Muna.
  6339 | D:8      | Noticed a two-headed ogre
  6342 | D:8      | Killed a two-headed ogre
  6342 | D:8      | Reached skill level 5 in Shields
  6431 | D:8      | Noticed a two-headed ogre
  6443 | D:8      | Killed a two-headed ogre
  6443 | D:8      | Reached skill level 5 in Fighting
  6561 | D:8      | Received a gift from Trog
  6567 | D:8      | Found a sparkling altar of Nemelex Xobeh.
  6754 | D:9      | Found a staircase to the Lair.
  7049 | D:9      | Reached XP level 11. HP: 82/88 MP: 11/11
  7381 | Lair:1   | Entered Level 1 of the Lair of Beasts
  7392 | Lair:1   | Noticed Harold
  7444 | Lair:1   | Received a gift from Trog
  7579 | Lair:1   | Reached skill level 1 in Evocations
  8151 | Lair:1   | Noticed a seven-headed hydra
  8160 | Lair:1   | Killed a two-headed hydra
  8329 | Lair:1   | Noticed a five-headed hydra
  8340 | Lair:1   | Killed a two-headed hydra
  8405 | Lair:1   | Noticed a seven-headed hydra
  8413 | Lair:1   | Killed a four-headed hydra
  8644 | Lair:1   | Reached skill level 10 in Dodging
  8768 | Lair:1   | Killed Harold
  8798 | Lair:1   | Reached XP level 12. HP: 94/94 MP: 15/15
  8844 | Lair:1   | Found a sparkling altar of Nemelex Xobeh.
  9129 | Lair:2   | Slain by a komodo dragon

Vault maps used:
D:1:      scummos_arrival_hexagon
D:2:      first_bread, minivault_25
D:3:      uniq_robin, uniq_grinder, uniq_natasha
D:5:      basic_altar, uniq_crazy_yiuf_cottage
D:6:      minmay_temple_entry_large_hall, fedhas_bush_and_centaur_altar
D:7:      basic_altar
D:8:      marbit_many_paths, gammafunk_temple_overflow_elements
D:9:      lair_entry_dummy
Temple:   hc_temple_tempest_star
Lair:1:   basic_altar, infiniplex_staircase_pool, grunt_megastairs_4,
          uniq_harold
Lair:2:   guppyfry_snake_entry_island, enter_volcano_1, basic_altar,
          wad_woods_river_01, serial_bayou_shore_b, lemuel_fruit_fields

Skill      XL: |  1  2  3  4  5  6  7  8  9 10 11 |
---------------+----------------------------------+-----
Dodging        | 3 4 5 8 9 10 | 10.2
Long Blades    | 4 5 6 8 11 12 | 12.1
Throwing       | 5 |  5.4
Shields        | 3 6 9 |  9.5
Fighting       | 4 5 |  5.6
Evocations     | 4 |  4.6

Action                   |  1- 3 |  4- 6 |  7- 9 | 10-12 || total
-------------------------+-------+-------+-------+-------++-------
Melee: Falchion          |   130 |    86 |   460 |   343 ||  1019
       Tailslap          |    19 |    15 |    86 |   112 ||   232
       Kick              |       |       |       |   129 ||   129
       Long sword        |       |       |       |   175 ||   175
Throw: Javelin           |       |       |       |    11 ||    11
Invok: Berserk           |       |     3 |     7 |     8 ||    18
Evoke: Wand              |       |     1 |       |     3 ||     4
  Use: Scroll            |       |     6 |    14 |     9 ||    29
       Potion            |       |       |     1 |     3 ||     4
 Stab: Sleeping          |       |       |     2 |     1 ||     3
  Eat: Chunk             |     1 |     5 |    14 |    18 ||    38
       Fruit             |       |       |     5 |     5 ||    10
       Royal jelly       |       |       |       |     1 ||     1
Armor: Skin              |    32 |    32 |    93 |   112 ||   269
Dodge: Dodged            |    99 |    89 |   192 |   194 ||   574
Block: Other             |       |     3 |    14 |       ||    17
       Shield            |       |       |    89 |   260 ||   349
       Reflection        |       |       |     8 |     1 ||     9
       Rpst.: Falchion   |    30 |    29 |    62 |    37 ||   158
       Long sword        |       |       |       |    27 ||    27

Table legend:
 A = Spawn XP
 B = Non-spawn XP
 C = Spawn XP percentage of total XP
 D = Spawn monster count
 E = Non-spawn monster count
 F = Spawn count percentage of total count
 G = Total turns spent on level
                    A         B        C        D         E        F      G
               +---------+---------+-------+---------+---------+-------+---------
         Total |       0 |   21000 |   0.0 |       0 |     295 |   0.0 |  9129
               +---------+---------+-------+---------+---------+-------+---------
           D:1 |       0 |      61 |   0.0 |       0 |      35 |   0.0 |   632
           D:2 |       0 |      24 |   0.0 |       0 |      12 |   0.0 |   751
           D:3 |       0 |     477 |   0.0 |       0 |      33 |   0.0 |   692
           D:4 |       0 |     724 |   0.0 |       0 |      31 |   0.0 |   943
           D:5 |       0 |     682 |   0.0 |       0 |      18 |   0.0 |   800
           D:6 |       0 |    1299 |   0.0 |       0 |      44 |   0.0 |   814
           D:7 |       0 |    1365 |   0.0 |       0 |      30 |   0.0 |  1127
           D:8 |       0 |    3487 |   0.0 |       0 |      32 |   0.0 |   766
           D:9 |       0 |    1451 |   0.0 |       0 |      24 |   0.0 |   653
        Lair:1 |       0 |   10890 |   0.0 |       0 |      34 |   0.0 |  1720
        Lair:2 |       0 |     540 |   0.0 |       0 |       2 |   0.0 |    28
               +---------+---------+-------+---------+---------+-------+---------
